Map: Ruins of Endion

Players

Fropez - Winner!

  • Race: Protoss Protoss
  • League: Silver
  • Spawn Location: 7:00

gwa

  • Race: Protoss Protoss
  • League: Bronze
  • Spawn Location: 5:00

VOD

Have the link to the VOD?

Description

Time

  • Played on: May 11, 2016, 10:24 a.m.
  • Length: 10:48
Show
View Real Time Build Order
Export as new Build Order

Fropez Protoss - Winner!

Build Orders:  

Get SALT Encoding   

  12  0:01  Probe (Chrono Boost)  
  13  0:18  Pylon  
  13  0:27  Probe (Chrono Boost)  
  14  0:33  Assimilator  
  14  0:43  Gateway  
  14  0:44  Probe (Chrono Boost)  
  15  0:54  Pylon  
  15  0:55  Probe (Chrono Boost)  
  16  1:05  Probe (Chrono Boost)  
  17  1:16  Probe (Chrono Boost)  
  18  1:30  Cybernetics Core  
  18  1:32  Probe (Chrono Boost)  
  19  1:36  Assimilator  
  21  1:40  Zealot  
  21  1:42  Probe (Chrono Boost)  
  22  1:53  Probe (Chrono Boost)  
  23  2:03  Probe (Chrono Boost)  
  24  2:14  Warp Gate (Chrono Boost)  
  25  2:16  Mothership Core (Chrono Boost)  
  25  2:21  Adept  
  28  2:26  Gateway  
  28  2:37  Pylon  
  28  2:41  Pylon  
  28  2:44  Probe (Chrono Boost)  
  29  2:56  Probe  
  30  3:08  Probe  
  30  3:12  Adept  
  33  3:16  Adept  
  34  3:53  Nexus  
  34  3:55  Assimilator  
  32  4:00  Assimilator  
  32  4:02  Pylon  
  30  4:05  Pylon  
  30  4:06  Probe  
  28  4:18  Probe  
  28  4:31  Probe  
  29  5:16  Adept, Probe  
  29  5:17  Adept, Probe  
  35  5:27  Gateway  
  35  5:29  Probe, Gateway  
  35  5:30  Gateway  
  35  5:32  Pylon, Forge  
  30  5:53  Probe  
  30  5:54  Probe  
  32  6:03  Probe  
  32  6:05  Protoss Ground Weapons Level 1 (Chrono Boost)  
  32  6:06  Probe  
  32  6:08  Adept x2  
  36  6:14  Probe  
  36  6:18  Probe  
  34  6:24  Probe  
  34  6:30  Probe  
  34  6:31  Pylon  
  36  6:35  Pylon  
  36  6:40  Probe  
  36  6:45  Adept x2  
  41  6:50  Probe  
  41  6:51  Probe  
  43  7:03  Probe  
  43  7:04  Adept  
  46  7:09  Probe  
  45  7:42  Adept x2  
  45  7:43  Adept x3  
  53  7:52  Robotics Facility  
  53  7:53  Probe x2  
  53  7:58  Protoss Ground Armor Level 1 (Chrono Boost)  
  55  8:03  Probe  
  56  8:13  Twilight Council  
  56  8:15  Pylon  
  54  8:53  Adept  
  54  8:54  Adept x4  
  62  9:17  Adept x2, Probe  
  62  9:18  Adept x3  
  62  9:19  Probe  
  70  9:42  Cybernetics Core  
  69  9:55  Zealot x5  
  60  10:46  Adept x3  
Show
View Real Time Build Order
Export as new Build Order

gwa Protoss 

Build Orders:  

Get SALT Encoding   

  12  0:01  Probe (Chrono Boost)  
  13  0:12  Probe (Chrono Boost)  
  14  0:21  Pylon  
  14  0:22  Probe (Chrono Boost)  
  15  0:39  Probe (Chrono Boost)  
  15  0:40  Gateway  
  16  0:44  Assimilator  
  16  0:50  Probe (Chrono Boost)  
  17  1:01  Probe (Chrono Boost)  
  18  1:05  Gateway  
  19  1:11  Probe (Chrono Boost)  
  19  1:22  Probe (Chrono Boost)  
  20  1:32  Probe (Chrono Boost)  
  21  1:36  Cybernetics Core  
  21  1:44  Probe (Chrono Boost)  
  22  1:55  Probe (Chrono Boost)  
  22  1:59  Pylon  
  22  2:11  Assimilator  
  22  2:17  Stalker x2  
  26  2:46  Mothership Core (Chrono Boost)  
  28  2:55  Warp Gate (Chrono Boost)  
  27  3:32  Probe (Chrono Boost)  
  28  3:39  Gateway  
  28  3:41  Pylon  
  28  3:43  Probe (Chrono Boost)  
  28  3:44  Pylon  
  25  4:14  Robotics Facility  
  25  4:16  Robotics Facility x2  
  25  4:20  Robotics Facility  
  25  4:32  Stalker x2  
  23  6:03  Stalker x2  
  27  6:04  Stalker  
  29  6:26  Nexus  
  29  6:29  Pylon  
  29  6:34  Immortal  
  33  6:41  Assimilator  
  33  6:45  Assimilator  
  33  6:47  Immortal  
  37  6:56  Pylon  
  37  6:58  Probe  
  38  7:13  Warp Prism  
  40  7:43  Stalker x2  
  44  8:07  Probe  
  44  8:08  Probe  
  46  8:16  Stalker x2  
  50  8:20  Probe  
  37  9:24  Probe  
  37  9:26  Probe  
  39  9:35  Probe  
  39  9:38  Probe  
  33  10:02  Probe  
  33  10:03  Probe  
  35  10:15  Probe  
Tags
 
Matchup
PvP
Replay Pack
All Mines
Spawn Locations
Close Positions
Add a new tag
Caveats
  • Supply blocks, unpowered buildings, or Contaminate may cause inaccurate times.
  • Supply counts are checked every 10 seconds.